 Dungeon Crawl Stone Soup version 0.20-a0-187-ge5586d949a (webtiles) character file.

1456 feito the Cutter (level 9, -6/58 HPs)
             Began as a Halfling Fighter on Nov 23, 2016.
             Was a Follower of Uskayaw.
             Mangled by a two-headed ogre
             ... wielding a +0 giant club
              (16 damage)
             ... on level 7 of the Dungeon.
             The game lasted 00:52:53 (8257 turns).

feito the Cutter (Halfling Fighter)                 Turns: 8257, Time: 00:52:57

Health: -6/58      AC:  9    Str: 17    XL:     9   Next: 5%
Magic:  10/10      EV: 11    Int:  6    God:    Uskayaw [*.....]
Gold:   318        SH: 13    Dex: 17    Spells: 8/8 levels left

rFire  + . .     SeeInvis .     a - +2 spear (pierce)
rCold  . . .     Gourm    .     x - +0 scale mail
rNeg   + . .     Faith    .     c - +0 shield
rPois  .         Spirit   .     r - +1 helmet
rElec  .         Reflect  +     (no cloak)
rCorr  .         Harm     .     (no gloves)
MR     .....                    (no boots)
Stlth  +.........               N - +3 amulet of reflection
                                J - ring of protection from fire
                                H - ring of positive energy

@: very slightly contaminated, drained, invisible
A: mutation resistance 1
a: Stomp, Renounce Religion


You were on level 7 of the Dungeon.
You worshipped Uskayaw.
Uskayaw was noncommittal.
You were not hungry.

You visited 2 branches of the dungeon, and saw 9 of its levels.

You collected 318 gold pieces.

Inventory:

Hand Weapons
 a - a +2 spear of piercing (weapon)
 b - a +0 hunting sling
 j - a +0 rapier
 n - a +0 dagger of flaming
 u - a +0 dagger of speed
Missiles
 z - 225 stones
 E - a throwing net (quivered)
 L - 17 sling bullets
Armour
 c - a +0 shield (worn)
 r - a +1 helmet (worn)
 x - a +0 scale mail (worn)
Jewellery
 C - a +4 ring of intelligence
 H - a ring of positive energy (left hand)
 J - a ring of protection from fire (right hand)
 N - a +3 amulet of reflection (around neck)
Wands
 d - a wand of paralysis (0/24)
 m - a wand of lightning (8/15)
 D - a wand of iceblast (5/15)
 K - a wand of acid (0/15)
Scrolls
 e - 2 scrolls of teleportation
 i - 6 scrolls of identify
 k - 2 scrolls of noise
 o - a scroll of remove curse
 y - a scroll of magic mapping {unknown}
 A - 3 scrolls of fear {unknown}
 B - a scroll of enchant weapon {unknown}
 M - a scroll of amnesia {unknown}
Potions
 l - a potion of haste
 p - a potion of flight {unknown}
 t - 4 potions of heal wounds {unknown}
 v - 4 potions of brilliance {unknown}
 w - a potion of agility {unknown}
 F - a potion of mutation {unknown}
 I - a potion of degeneration {unknown}
Books
 G - a book of Minor Magic

   Spells                             Type                      Level
   a - Magic Dart                     Conjuration                  1
   b - Blink                          Translocation                2
   c - Call Imp                       Summoning                    2
   d - Repel Missiles                 Charms/Air                   2
   e - Slow                           Hexes                        2
   f - Conjure Flame                  Conjuration/Fire             3
   g - Mephitic Cloud                 Conjuration/Poison/Air       3
 O - a book of Changes

   Spells                             Type                      Level
   a - Beastly Appendage              Transmutation                1
   b - Sticks to Snakes               Transmutation                2
   c - Spider Form                    Transmutation/Poison         3
   d - Ice Form                       Ice/Transmutation            4
   e - Blade Hands                    Transmutation                5
Comestibles
 f - 2 bread rations
 h - 2 meat rations
 q - 2 fruits


   Skills:
 + Level 4.1(4.0) Fighting
 * Level 7.1(7.0) Short Blades
 * Level 5.6(5.4) Slings
 + Level 4.8(4.6) Armour
 + Level 3.7(3.6) Dodging
 - Level 3.0(2.9) Stealth
 + Level 5.1(4.9) Shields
 + Level 2.1(1.9) Invocations


You had 8 spell levels left.
You didn't know any spells.

Dungeon Overview and Level Annotations

Branches:
Dungeon (8/15)             Temple (1/1) D:5
   Lair: D:8-11

Altars:
Ashenzari
Dithmenos
Elyvilon
Fedhas
Gozag
Hepliaklqana
Kikubaaqudgha
Makhleb
Nemelex Xobeh
Okawaru
Qazlal
Ru
Sif Muna
Trog
Uskayaw
Vehumet
Xom
Yredelemnul
Zin
The Shining One

Annotations:
D:5 Raws's ghost, novice DsFi
D:8 Pikel


Innate Abilities, Weirdness & Mutations

You are small and have problems with some larger weapons.
You are somewhat resistant to further mutation.


Message History

Evoking this partially-identified wand wasted a few charges.
The orc hits you with a flail.
* * * LOW HITPOINT WARNING * * *
A bullfrog comes into view.
Evoke which item? (* to show all) (? for menu, Esc to quit)
Okay, then.
It was a potion of invisibility.
You fade into invisibility!
The two-headed ogre hits you with a giant club.
* * * LOW HITPOINT WARNING * * *
You block the two-headed ogre's attack. You block the orc's attack.
You block the orc priest's attack.
You are very lightly contaminated with residual magic.
Your shield prevents you from hitting the orc priest.
The orc priest is heavily wounded.
The bullfrog gives a loud, deep croak!
The orc priest is no longer unusually resistant.
The two-headed ogre misses you.
The two-headed ogre hits you with a giant spiked club!
You die...

#..##.#..#...[).##.## #...#
#........###.>####.## #...#
#..#..#..###..####.## #...#
#..#.##............## # #...#
#..#.##..############ .. #...#
##........######### ##
#.###...####<.....####§≈§≈≈≈≈###.
.......(......##Oo# #§##.##≈##.#
......(.o.oo...#@.#..#≈#.#.#≈###.
.............o(##o#.##≈.#≈#.≈# ##
#.###...####.#)##F#.##≈#.#.#≈# #
.. #...# ##....)o#.##≈##.##≈# #
#...# #.........##≈≈≈.§≈≈# #...#
#.##.#.#...####'#### #...# #.
#.#....#....)# ..... ..
#...........## ##### ##.
####.#.##.#.# #....


You could see a two-headed ogre, a bullfrog (wandering), an orc priest and 2
orcs.

Vanquished Creatures
  A phantom (D:7)
  A black bear (D:6)
  2 ogres
  3 bullfrogs (D:6)
  A scorpion (D:6)
  2 wights (D:7)
  A vampire bat (D:3)
  A quasit (D:6)
  4 hounds
  2 orc priests
  4 orc wizards
  A bullfrog skeleton (D:5)
  Jessica (D:2)
  4 iguanas
  3 worker ants
  Robin (D:2)
  2 worker ant zombies
  2 adders (D:2)
  2 shadow imps (D:6)
  An adder zombie (D:5)
  An adder skeleton (D:7)
  2 worms
  2 dart slugs (D:1)
  4 leopard geckos
  18 orcs
  13 bats
  4 giant cockroaches
  14 goblins
  13 hobgoblins
  9 jackals
  5 kobolds
  2 quokkas
  6 frilled lizards
  2 leopard gecko skeletons
  A leopard gecko zombie (D:7)
  4 rats
139 creatures vanquished.

Notes
Turn   | Place    | Note
-------+----------+-------------------------------------------
     0 | D:1      | feito the Halfling Fighter began the quest for the Orb.
     0 | D:1      | Reached XP level 1. HP: 15/15 MP: 1/1
   325 | D:1      | Reached XP level 2. HP: 20/20 MP: 2/2
   832 | D:2      | Found an opulent altar of Gozag.
   846 | D:2      | Reached XP level 3. HP: 21/25 MP: 3/3
   886 | D:2      | Noticed Jessica
  1099 | D:1      | Reached skill level 1 in Dodging
  1131 | D:2      | Killed Jessica
  1131 | D:2      | Reached skill level 3 in Short Blades
  1131 | D:2      | Reached XP level 4. HP: 7/31 MP: 4/4
  1496 | D:2      | Reached skill level 1 in Stealth
  1632 | D:2      | You fall through a shaft!
  1699 | D:2      | Noticed Robin
  1986 | D:2      | Killed Robin
  1986 | D:2      | Reached XP level 5. HP: 28/36 MP: 5/5
  2963 | D:3      | Reached skill level 4 in Short Blades
  2986 | D:3      | Reached skill level 1 in Slings
  3116 | D:4      | Reached XP level 6. HP: 42/42 MP: 6/6
  3341 | D:4      | Found a deep blue altar of Sif Muna.
  3728 | D:4      | Found a sparkling altar of Nemelex Xobeh.
  3841 | D:4      | Noticed an ogre
  3856 | D:4      | Killed an ogre
  3856 | D:4      | Reached XP level 7. HP: 22/46 MP: 7/7
  4002 | D:5      | Entered Level 5 of the Dungeon
  4155 | D:5      | Reached skill level 5 in Short Blades
  4169 | D:5      | Found a staircase to the Ecumenical Temple.
  4174 | Temple   | Entered the Ecumenical Temple
  4207 | Temple   | Became a worshipper of Uskayaw the Reveler
  4353 | D:5      | Noticed Raws's ghost (novice DsFi)
  4411 | D:5      | Reached * piety under Uskayaw
  4513 | D:5      | Reached ** piety under Uskayaw
  5145 | D:6      | Reached XP level 8. HP: 12/54 MP: 1/8
  5461 | D:6      | Reached skill level 1 in Invocations
  5668 | D:6      | Reached skill level 6 in Short Blades
  5777 | D:6      | Found a stormy altar of Qazlal.
  6925 | D:6      | Reached *** piety under Uskayaw
  7361 | D:6      | Reached skill level 5 in Slings
  7946 | D:8      | Noticed a two-headed ogre
  8038 | D:7      | Reached skill level 7 in Short Blades
  8038 | D:7      | Reached skill level 5 in Shields
  8038 | D:7      | Reached XP level 9. HP: 25/58 MP: 10/10
  8253 | D:8      | Noticed Pikel
  8257 | D:7      | Mangled by a two-headed ogre

Vault maps used:
D:1:      tarquinn_simple_flora_water_f
D:2:      lemuel_doored_altar, uniq_robin, uniq_jessica
D:3:      wad_pebble_path, first_bread, roderic_batcave
D:4:      serial_bayou, serial_bayou_pond_e, serial_bayou_pond_d,
          serial_bayou_lagoon_a, serial_bayou_shore_b, kennysheep_flooded_box,
          nemelex_diamond_rough_becter
D:5:      minivault_25
D:6:      grunt_qazlal_sundering, corexii_shack
D:7:      kennysheep_generic_room_9
D:8:      uniq_pikel
Temple:   nicolae_temple_no_exploring_needed

Skill      XL: |  1  2  3  4  5  6  7  8  9 |
---------------+----------------------------+-----
Dodging        | 1 2 3 |  3.7
Fighting       | 3 4 |  4.1
Short Blades   | 3 4 5 7 |  7.1
Stealth        | 1 2 3 |  3.0
Shields        | 4 5 |  5.1
Slings         | 1 2 3 5 |  5.6
Armour         | 4 |  4.8
Invocations    | 1 2 |  2.1

Action                   |  1- 3 |  4- 6 |  7- 9 || total
-------------------------+-------+-------+-------++-------
Melee: Rapier            |     9 |       |    14 ||    23
       Dagger            |    62 |   445 |   506 ||  1013
       Spear             |       |       |   121 ||   121
 Fire: Hunting sling     |       |    10 |    27 ||    37
Throw: Throwing net      |       |       |     2 ||     2
Invok: Line Pass         |       |       |     6 ||     6
       Stomp             |       |       |     1 ||     1
Evoke: Wand              |       |       |     7 ||     7
  Use: Scroll            |       |     4 |     4 ||     8
       Potion            |       |       |     7 ||     7
 Stab: Paralysed         |       |       |     1 ||     1
  Eat: Chunk             |     1 |     9 |     8 ||    18
       Bread ration      |       |       |     2 ||     2
       Royal jelly       |       |       |     1 ||     1
       Fruit             |       |       |     1 ||     1
Armor: Scale mail        |    12 |    87 |   146 ||   245
       Chain mail        |       |    67 |    13 ||    80
Dodge: Dodged            |    22 |   129 |   174 ||   325
Block: Shield            |    20 |   194 |   225 ||   439
       Reflection        |       |       |     5 ||     5
